 Dungeon Crawl Stone Soup version 0.31.0-11-ge490571c62 (webtiles) character file.

Game seed: 15395946494993150838

125 jasper the Shield-Bearer (level 4, 0/40 HPs)
             Began as an Armataur Fighter on Feb 4, 2024.
             Slain by a goblin
             ... wielding a +0 club
              (3 damage)
             ... on level 2 of the Dungeon.
             The game lasted 00:02:01 (1032 turns).

jasper the Shield-Bearer (Armataur Fighter)         Turns: 1032, Time: 00:02:02

Health: 0/40       AC: 10    Str: 21    XL:     4   Next: 82%
Magic:  4/4        EV:  7    Int:  8    God:
Gold:   57         SH:  5    Dex: 12    Spells: 3/3 levels left

rFire   . .          .
                       - Unarmed
rCold   . . .        b - +0 buckler
rNeg    . . .        a - +0 scale mail
rPois   .            k - +2 helmet
rElec   .            (no cloak)
rCorr   .            (no gloves)
SInv    .            (no barding)
Will    .....        (no amulet) Stlth
                     (no ring)
HPRegen 0.26/turn    (no ring)
MPRegen 0.09/turn

%: roll
@: mighty
A: large, deformed body, tough skin 3, armoured tail, roll 1
a: no special abilities


You were on level 2 of the Dungeon.
You visited 1 branch of the dungeon, and saw 2 of its levels.

You collected 57 gold pieces.

Inventory:

Armour
 a - a +0 scale mail (worn)
 b - a +0 buckler (worn)
 e - a +0 helmet
 j - a +0 ring mail
 k - a +2 helmet (worn)
Scrolls
 d - a scroll of identify {unknown}
 g - a scroll of enchant armour {unknown}
 i - a scroll of vulnerability {unknown}
 l - a scroll of noise {unknown}
 m - a scroll of revelation {unknown}
Potions
 c - a potion of might
 f - a potion of mutation {unknown}
 h - a potion of cancellation {unknown}
 n - a potion of ambrosia {unknown}


   Skills:
 + Level 3.6 Fighting
 - Level 3.6 Armour
 + Level 4.4 Shields
 + Level 3.0 Unarmed Combat


You had 3 spell levels left.
You didn't know any spells.
Your spell library contained the following spells:

 Spells                   Type           Power      Damage    Failure   Level
 Magic Dart               Conj           0%         1d3       82%         1
 Blink                    Tloc           0%         N/A       91%         2
 Call Imp                 Summ           0%         N/A       91%         2


Dungeon Overview and Level Annotations

Branches:
Dungeon (2/15)

Altars:


Innate Abilities, Weirdness & Mutations

Armour fits poorly on your strangely shaped body.
You have extremely tough skin. (AC +3)
You have a long armoured tail.
You regenerate magic when rolling toward enemies. (Rampage MPRegen)


Message History

You miss the quokka. You block the cerulean imp's attack.
The quokka bites you but does no damage.
You closely miss the quokka.
The cerulean imp hits you but does no damage.
You block the quokka's attack.
You closely miss the quokka.
Your tail-slap misses the quokka.
The cerulean imp barely misses you.
The quokka twitches its whiskers.
The quokka bites you but does no damage.
You closely miss the quokka.
Your tail-slap misses the quokka.
The quokka bites you. You block the cerulean imp's attack.
You closely miss the quokka.
The quokka bites you but does no damage.
Natasha mumbles some strange words.
The cerulean imp hits you from afar with a +0 spear.
You punch the quokka!
You kill the quokka!
The cerulean imp hits you but does no damage.
You hit Natasha.
Natasha is heavily wounded.
Natasha claws you!
* * * LOW HITPOINT WARNING * * *
The cerulean imp closely misses you.
The cerulean imp hits you but does no damage.
You punch Natasha!
You kill Natasha!
Natasha screams in pain as she dies!
The cerulean imp disappears in a puff of smoke! x3
The goblin shoots a sling bullet.
The sling bullet hits you.
* * * LOW HITPOINT WARNING * * *
Your Unarmed Combat skill increases to level 3!
You roll towards the rat!
You punch the rat!
You kill the rat!
The goblin unwields a +0 sling.
The goblin wields a +0 dagger.
The goblin hits you but does no damage. The goblin barely misses you.
You hit the goblin.
You kill the goblin!
The goblin hits you with a +0 club.
You die...

.....#### ........#
........# ........#
........# #......#
#....g.# ..#....)@# ##
...######†# ..##
..........# ..... ##.
..........#.....#
##.#####..>.....'>....#
##.#.....#......##.....#
#.#.............#
.....####
.#.........#....#
.........
#.).........#...+
........


You could see a goblin.

Vanquished Creatures
  Natasha (D:2)
  Robin (D:2)
  3 adders (D:2)
  3 dart slugs (D:1)
  2 ball pythons (D:1)
  5 endoplasms (D:1)
  A giant cockroach (D:2)
  13 goblins
  7 hobgoblins
  2 jackals (D:1)
  6 kobolds
  2 quokkas
  3 frilled lizards
  5 rats
54 creatures vanquished.

Notes
Turn   | Place    | Note
-------+----------+-------------------------------------------
     0 | D:1      | jasper the Armataur Fighter began the quest for the Orb.
     0 | D:1      | Reached XP level 1. HP: 18/18 MP: 1/1
    69 | D:1      | Reached XP level 2. HP: 21/25 MP: 2/2
   278 | D:1      | Reached XP level 3. HP: 31/31 MP: 3/3
   819 | D:2      | Reached skill level 4 in Shields
   832 | D:2      | Noticed Robin
   876 | D:2      | Killed Robin
   877 | D:2      | Reached XP level 4. HP: 38/38 MP: 4/4
   923 | D:2      | Found a faded altar of an unknown god.
  1005 | D:2      | Noticed Natasha
  1029 | D:2      | Killed Natasha
  1032 | D:2      | Slain by a goblin

Illustrated notes

Levels and vault maps discovered:
D:1:      lemuel_arrival_funnel, layout_loops_ring
D:2:      layout_basic, serial_shops, nicolae_shop_statue_plus,
          shapermc_ecumenical_altar_starsandcircs, minmay_worlds_worst_comb,
          uniq_robin, uniq_natasha

Skill      XL: |  1  2  3  4 |
---------------+-------------+-----
Unarmed Combat | 2 3 |  3.0
Fighting       | 3 |  3.6
Shields        | 4 |  4.4
Armour         | |  3.6

Action                     |  1- 3 |  4- 6 || total
---------------------------+-------+-------++-------
  Melee: Unarmed           |   174 |    53 ||   227
         Tailslap          |    19 |     2 ||    21
    Use: Potion            |       |     1 ||     1
 Armour: Scale mail        |    85 |    48 ||   133
  Dodge: Dodged            |    41 |    17 ||    58
  Block: Buckler           |    30 |    17 ||    47
